 Dungeon Crawl Stone Soup version 0.24.0-13-gcf9b3192b9 (webtiles) character file.

Game seed: 9421386494698566608, levelgen mode: deterministic

458 Delamore the Cleaver (level 7, -7/57 HPs)
             Began as a Hill Orc Monk on Nov 7, 2019.
             Mangled by Elizilla's ghost (18 damage)
             ... on level 3 of the Dungeon.
             The game lasted 00:09:20 (4662 turns).

Delamore the Cleaver (Hill Orc Monk)                Turns: 4662, Time: 00:09:20

Health: -7/57      AC:  8    Str: 16    XL:     7   Next: 6%
Magic:  7/7        EV:  9    Int: 10    God:
Gold:   170        SH:  3    Dex: 13    Spells: 6/6 levels left

rFire    . . .     SeeInvis .   a - +1 hand axe
rCold    . . .     Gourm    .   s - +0 buckler
rNeg     . . .     Faith    .   k - +1 scale mail
rPois    .         Spirit   .   (no helmet)
rElec    .         Reflect  .   (no cloak)
rCorr    .         Harm     .   (no gloves)
MR       .....                  (no boots)
Stlth    ..........             (no amulet)
HPRegen  0.19/turn              (no ring)
MPRegen  0.10/turn              (no ring)

@: no status effects
A: no striking features
a: no special abilities


You were on level 3 of the Dungeon.
You were not hungry.

You visited 1 branch of the dungeon, and saw 3 of its levels.
You also visited: Sewer.

You collected 170 gold pieces.

Inventory:

Hand Weapons
 a - a +1 hand axe (weapon)
 o - a +4 halberd
Missiles
 d - 17 poisoned darts (quivered)
Armour
 b - a +0 robe
 k - a +1 scale mail (worn)
 s - a +0 buckler (worn)
Wands
 u - a wand of enslavement (2)
Scrolls
 l - a scroll of teleportation {unknown}
 m - a scroll of fog
 p - a scroll of acquirement {unknown}
 q - a scroll of immolation {unknown}
 t - 2 scrolls of remove curse
Potions
 e - 2 potions of mutation {unknown}
 f - 2 potions of might {unknown}
 g - 4 potions of curing
 h - 4 potions of flight
 i - a potion of heal wounds
 j - a potion of lignification {unknown}
 n - 4 potions of brilliance {unknown}
Comestibles
 c - 3 rations


   Skills:
 - Level 3.6 Fighting
 + Level 8.5 Axes
 + Level 4.3 Armour
 - Level 2.4 Dodging
 - Level 1.5 Stealth


You had 6 spell levels left.
You didn't know any spells.
Your spell library was empty.

Dungeon Overview and Level Annotations

Branches:
Dungeon (3/15)              Sewer (visited)

Altars:
Ashenzari
Hepliaklqana
Makhleb
Sif Muna
Vehumet

Annotations:
D:3 1 transporter, Elizilla's ghost, amateur TrMo


Message History

You are too injured to fight recklessly!
You are too injured to fight recklessly!
You are too injured to fight recklessly!
You are too injured to fight recklessly!
You are too injured to fight recklessly!
You are too injured to fight recklessly!
You hit Elizilla's ghost.
Elizilla's ghost is lightly damaged.
You hit Elizilla's ghost.
Elizilla's ghost is moderately damaged.
Elizilla's ghost hits you!
* * * LOW HITPOINT WARNING * * *
You feel much better. Elizilla's ghost hits you.
* * * LOW HITPOINT WARNING * * *
As you read the scroll labeled MOYRGHE ESKOTAHA, it crumbles to dust.
The scroll dissolves into smoke.
It was a scroll of fog.
Elizilla's ghost hits you!
* * * LOW HITPOINT WARNING * * *
You feel better. Elizilla's ghost hits you!!
You die...

.#####..####.#.#.##.# #.#######
.# ##)####.#.#.##.## #.# #### .#
##.#.#......(....####.####... .#
##.###..#########.....<.....#<
.###.## #.##.......##..........#.
....## #.#8..#.#§.8#.###.####.#.
.###.####.#..#...#§.#.###.##.....
.####.##..#$..§§§§§§#.....#......
.........©#?..§§@W.§#©..#..)#####
#####.#...#...§§§§..#..####.# #
#####.....#..#§§§#..#.#####.# #
.....#....#8..#.#..8#....##.# #
####......##©......##.##.##.#####
...........#########..##.##......
.###..................##.#####.##
.# #.#....##.########.##.#####.#
.###.###..##.# #.##.##.##.#


You could see Elizilla's ghost.

Vanquished Creatures
  2 big kobolds (Sewer)
  Ijyb (D:3)
  An orc wizard (D:3)
  6 adders
  7 river rats (Sewer)
  6 worms (D:3)
  3 dart slugs
  2 leopard geckos
  13 orcs (D:3)
  4 bats
  6 giant cockroaches
  9 goblins
  4 hobgoblins
  3 jackals (D:3)
  22 kobolds
  2 quokkas
  4 ball pythons (Sewer)
  8 frilled lizards
  30 rats
133 creatures vanquished.

Vanquished Creatures (others)
  An ooze (D:3)
  A goblin (D:3)
2 creatures vanquished.

Grand Total: 135 creatures vanquished

Notes
Turn   | Place    | Note
-------+----------+-------------------------------------------
     0 | D:1      | Delamore the Hill Orc Monk began the quest for the Orb.
     0 | D:1      | Reached XP level 1. HP: 19/19 MP: 1/1
   100 | D:1      | Reached XP level 2. HP: 17/26 MP: 2/2
   310 | D:1      | Reached skill level 5 in Axes
   447 | D:1      | Reached XP level 3. HP: 19/31 MP: 3/3
  1065 | D:2      | Reached skill level 6 in Axes
  1075 | D:2      | Found a burning altar of Makhleb.
  1155 | D:2      | Reached XP level 4. HP: 13/39 MP: 4/4
  1555 | D:2      | Reached skill level 1 in Armour
  1749 | D:2      | Found a shattered altar of Ashenzari.
  1867 | D:2      | Found a shimmering blue altar of Sif Muna.
  1867 | D:2      | Found a hazy altar of Hepliaklqana.
  1911 | D:3      | Noticed Elizilla's ghost (amateur TrMo)
  1942 | D:3      | Found a transporter.
  2135 | D:3      | Found a glowing drain.
  2149 | D:3      | Reached XP level 5. HP: 7/45 MP: 5/5
  2193 | Sewer    | Entered a sewer
  2508 | Sewer    | Reached skill level 7 in Axes
  3016 | Sewer    | Noticed a big kobold
  3034 | Sewer    | Killed a big kobold
  3034 | Sewer    | Reached XP level 6. HP: 47/51 MP: 6/6
  3302 | Sewer    | Reached skill level 8 in Axes
  3580 | D:3      | Found a transporter.
  4028 | D:3      | Noticed Ijyb
  4056 | D:3      | Killed Ijyb
  4065 | D:3      | Found a radiant altar of Vehumet.
  4106 | D:3      | Reached XP level 7. HP: 30/57 MP: 7/7
  4661 | D:3      | HP: 1/57 [Elizilla's ghost (15)]
  4662 | D:3      | Mangled by Elizilla's ghost

Levels and vault maps discovered:
D:1:      onia_arrival_larder, layout_basic, st_stairs_9
D:2:      layout_loops_ring, marbit_many_paths, gammafunk_temple_overflow_wave,
          bloody_makhleb
D:3:      layout_loops_ring, fiery_altar_vehumet, lightli_sewer_entry_pipes,
          gammafunk_ghost_arena, uniq_ijyb

Skill      XL: |  1  2  3  4  5  6 |
---------------+-------------------+-----
Axes           | 5 6 7 8 |  8.5
Armour         | 1 3 4 |  4.3
Fighting       | |  3.6
Dodging        | |  2.4
Stealth        | |  1.5

Action                   |  1- 3 |  4- 6 |  7- 9 || total
-------------------------+-------+-------+-------++-------
Melee: Hand axe          |    46 |   312 |    36 ||   394
       Mace              |    68 |    42 |       ||   110
Throw: Dart              |       |     1 |       ||     1
  Use: Scroll            |     5 |     5 |     1 ||    11
       Potion            |       |     1 |     2 ||     3
 Stab: Sleeping          |     2 |       |       ||     2
       Distracted        |     1 |       |       ||     1
  Eat: Chunk             |     1 |    10 |     2 ||    13
Armor: Robe              |     9 |       |       ||     9
       Scale mail        |    32 |   158 |    11 ||   201
Dodge: Dodged            |    87 |   199 |     6 ||   292
Block: Buckler           |       |     7 |     2 ||     9
